← All builds
Tech / Armada / Economy first / OBSERVED BUILD

Sharpshooter snipers

Tech adds early T2 Sharpshooter snipers around 8:09-8:52 alongside its usual T2 supply role to support the front.

Usually first T2 con to Geo (82%)

#t2 · 50 distinct matches · 25 players · 4% of Armada Tech games · team won 24% of 51 · Recently observed

THE CATCH, AND WHAT COMES WITH IT
  • SharpshooterT2 bot snipers from 8:09 · 7% of role by thenFrom the Advanced Bot Lab. Only 7% of Tech games have it by then; others who build it get it around 8:52

Where those units first fight, in 49 games with kill data: in the middle 51%, on their own side 49%.

Those units destroy a typical 1,380 metal of enemy units by 15:00.

Then transitions into anti-nuke (14% of army).

HOW TO PLAY IT

Key timing: Sharpshooter by 8:07

  1. Open 3 mex into wind and a bot lab like normal eco start.
  2. Get Advanced Bot Lab up on schedule instead of skipping it.
  3. Upgrade mex to Advanced Metal Extractor to fund the T2 pivot.
  4. Push Sharpshooter sniper bots to middle instead of just feeding team T2.
  5. Add anti-nuke and keep sniper bots as the core army.

Phase by phase

TYPICAL OF ITS 50 GAMES · AGAINST STANDARD TECH
  1. 1
  2. 2
  3. 3
  4. 4
  5. 5
PLAY THE OPENING

Follow the example game's first 9:09 step by step: what to build now, what comes next, and where it goes. At 1× it keeps pace with your own game.

  1. 1

    Up to the Bot Lab

    Economy
    • Metal Extractor3Mex
    • Wind Turbine4Wind
    Order
    1. Bot LabBot Lab after 3 mex, 4 winddone ~1:17, middle half 1:12–1:33

    By 1:00 in all: 3 mex · 4 wind

    The example game in this phase · 4 steps
    1. Mex ×3
    2. Wind ×4
    3. Energy storage
    4. Bot LabBot Labdone 1:30 · typical 1:17
  2. 2

    Bot Lab to Advanced Bot Lab

    Economy
    • Metal Extractor1Mex
    • Wind Turbine9Wind
    • Energy Storage1Energy storage
    Order
    1. Advanced Bot LabAdvanced Bot Lab after 4 mex, 13 wind, 3 con turretdone ~4:16, middle half 4:08–4:28
    Builders
    • Construction Turret3 Con turret
    • Lazarus3 Lazarus
    • Construction Bot2 Con bot
    • Construction Bot1 Con bot for allies

    Some games also: converter (45%)

    By 3:23 in all: 4 mex · 13 wind · 1 energy storage · 3 con turret

    The example game in this phase · 10 steps
    1. Construction BotCon bot
    2. LazarusLazarus ×2
    3. Construction BotCon bot
    4. Mex
    5. LazarusLazarus
    6. Con turret ×2
    7. Wind ×4
    8. Con turret
    9. Wind ×3
    10. Advanced Bot LabAdvanced Bot Labdone 4:13 · typical 4:16
  3. 3

    Advanced Bot Lab to 5:00

    Economy
    • Wind Turbine1Wind
    Builders
    • Advanced Construction Bot1 T2 con bot for allies

    Some games also: converter (37%)

    By 5:00 in all: 4 mex · 15 wind · 2 converter · 1 energy storage · 3 con turret

    The example game in this phase · 7 steps
    1. Wind
    2. Converter ×2
    3. Wind ×3
    4. Advanced Construction BotT2 con botfor Geo
    5. Wind
    6. Advanced Metal ExtractorT2 mex ×2done 5:09 · typical 5:15
    7. Wind
  4. 4

    5:00 to T2 bot snipers

    Economy
    • Wind Turbine13Wind
    Order
    1. SharpshooterT2 bot snipers after 4 mex, 26 wind, 4 converterdone ~8:34, middle half 7:16–9:37
    Builders
    • Advanced Construction Bot3 T2 con bot for allies
    • Butler3 Butler

    Some games also: converter (43%) · T2 con bot (31%)

    By 8:09 in all: 4 mex · 26 wind · 4 converter · 1 energy storage · 3 con turret

    The example game in this phase · 6 steps
    1. Wind ×2
    2. Advanced Construction BotT2 con botfor Air
    3. Wind ×4
    4. Advanced Metal ExtractorT2 mex
    5. Wind ×3
    6. SharpshooterSniper botdone 6:47 · typical 8:34
  5. 5

    T2 bot snipers to 10:00

    Economy
    • Wind Turbine15Wind−15 vs standard
    Army
    • Sharpshooter1 Sniper bot

    Some games also: Butler (47%) · T2 con bot for allies (39%) · converter (39%)

    The standard build makes here, this one skips: 3 converter · 5 Butler

    By 10:00 in all: 4 mex · 48 wind · 6 converter · 1 energy storage · 3 con turret

    The example game in this phase · 112 steps
    1. Wind
    2. Advanced Construction BotT2 con botfor Geo sea
    3. Wind ×5
    4. ButlerButler
    5. Wind
    6. ButlerButler
    7. Wind
    8. GunslingerGunslingerfor Ponddone 7:51
    9. Wind
    10. Advanced Metal ExtractorT2 mex
    11. Wind ×2
    12. SprinterSprinterfor Pond
    13. Wind
    14. SprinterSprinterfor Pond
    15. Wind
    16. CompassRadar bot
    17. SprinterSprinterfor Pond
    18. Wind
    19. SprinterSprinterfor Pond
    20. Wind
    21. SprinterSprinterfor Pond
    22. Wind ×4
    23. Advanced Construction BotT2 con botfor Beach sea
    24. Wind
    25. Advanced Metal ExtractorT2 mex
    26. Advanced Construction BotT2 con botfor Pond
    27. ButlerButler ×2
    28. Advanced Construction BotT2 con bot
    29. Mex
    30. Wind ×3
    31. Mex
    32. Wind ×6
    33. RecluseReclusedone 10:35
    34. Wind ×3
    35. Mex
    36. Wind ×3
    37. TracerTracer
    38. Con turret
    39. Advanced Metal ExtractorT2 mexfor Pond
    40. Wind ×2
    41. Bot LabBot Labfor Ponddone 11:06
    42. Wind ×2
    43. Con turret
    44. ButlerButlerfor Geo sea
    45. Wind ×2
    46. Con turret
    47. ButlerButler
    48. Wind ×4
    49. Construction BotCon botfor Pond
    50. ButlerButler
    51. Wind ×2
    52. Radar TowerRadar Tower
    53. Construction BotCon botfor Pond
    54. Wind ×6
    55. Converter
    56. ButlerButler
    57. Wind ×2
    58. ButlerButler
    59. Wind ×2
    60. Converter
    61. Wind ×2
    62. Advanced Construction BotT2 con bot
    63. Converter ×2
    64. Wind ×2
    65. Advanced Metal ExtractorT2 mex
    66. Wind ×2
    67. Converter ×2
    68. Con turret
    69. Wind ×2
    70. SharpshooterSniper bot
    71. Con turret
    72. Converter
    73. Wind
    74. Converter
    75. Wind
    76. Con turret
    77. Wind ×2
    78. Con turret
    79. Converter ×2
    80. Wind ×3
    81. Converter
    82. Wind
    83. Converter
    84. Wind ×2
    85. Converter ×2
    86. Wind ×4
    87. Converter ×2
    88. Wind ×2
    89. Converter
    90. Wind
    91. Converter
    92. Wind ×3
    93. Fusion ReactorFusiondone 13:40
    94. Converter ×2
    95. Wind ×2
    96. Vehicle PlantVehicle Plantdone 13:43
    97. Wind
    98. Converter
    99. Wind
    100. Converter
    101. Wind ×2
    102. Converter ×2
    103. Wind ×2
    104. BlitzBlitz
    105. Wind
    106. BlitzBlitz
    107. Vehicle PlantVehicle Plantdone 13:49
    108. Wind
    109. Converter
    110. BlitzBlitz
    111. Converter
    112. BlitzBlitz ×2

Counts are medians over the build's games: half of them build more, half fewer. The example game is Adeus's (35 OS, 19/09/2026); pick another.

Team trades

IN AT LEAST 30% OF ITS GAMES

You hand over

  • Construction Bot1 Con bot to Airfirst at 2:23 · in 88% of games
  • Advanced Construction Bot5 T2 con bot to Geo sea or Geo or Pondfirst at 4:59 · in 100% of games
  • Butler2 Butler to Geo sea or Beach seafirst at 10:36 · in 45% of games

You get

  • Hercules2 Light transport from Airfirst at 4:14 · in 90% of games

How it plays out

Typical game of this build against the role’s standard build, running totals by minute

  • This build
  • Standard tech

Metal produced

020k40k
0:005:0010:0015:00

metal

Enemy metal destroyed

01k2k3k
0:005:0010:0015:00

metal

Own metal lost

05001k1.5k
0:005:0010:0015:00

metal

51 games.

Show as table
ByMetal produced: This buildMetal produced: Standard techEnemy metal destroyed: This buildEnemy metal destroyed: Standard techOwn metal lost: This buildOwn metal lost: Standard tech
1:003833830000
2:009119150000
3:00157716350000
4:00316031480000
5:00488448630000
6:00592058070000
7:00750872200000
8:00931090610000
9:0011440112470000
10:001360913553220000
11:0016182163426100740
12:001892619850105002700
13:002212823644167006800
14:0024975273601978125810130
15:00284253147325713851360260
WHAT THE NUMBERS SAY

Won far less than the standard build despite destroying much more metal, and lost heavily doing it.

  • + Destroyed 2580 enemy metal by 15:00 vs 400 for the standard build.
  • − Lost 1407 own metal by 15:00 vs 260 standard, and team win rate dropped to 21% from 53%.
THE EXAMPLE YOU ARE READING

Adeus

35.2 OS · 19/09/2026

Open source match ↗

9 received units · includes a constructor
3361 metal received · 55541 energy received

Allied construction assistance is unknown. Timings are observations, not a promise of solo reproducibility.

Typical milestones

Bot Lab1:17Middle 50%: 1:12–1:33 · n=51
Advanced Bot Lab4:16Middle 50%: 4:08–4:28 · n=51
Advanced Metal Extractor5:15Middle 50%: 4:56–5:36 · n=51
Sharpshooter8:34Middle 50%: 7:16–9:37 · n=51

Played most by

Amrissa14games of this buildDRM5games of this buildThe_Dwarf4games of this buildIMBALANCED3games of this buildhaaven2games of this build